[ AOE2 MATCH · #505689490 ]
UnrankedJapanese vs Japanese
Player's team · WIN
Rival team · LOSS
[ REPLAY ANALYSIS · EXTRACTED FROM THE RECORDED GAME ]
Feudal
10:30
Castle
25:19
Imperial
—
| APM avg | 49.3 |
| APM peak | 107 |
| eAPM avg | 24.3 |
| Villagers / military | 172 / 93 |
Focus
⚔️ 34.7% · 🌾 65.3%
Samurai ×47 · Knight ×21 · Battering Ram ×17 · Unknown (2626) ×9 · Militia ×6 · Fishing Ship ×4
Feudal
11:40
Castle
26:07
Imperial
—
| APM avg | 61.6 |
| APM peak | 132 |
| eAPM avg | 37.3 |
| Villagers / military | 152 / 83 |
Focus
⚔️ 44.6% · 🌾 55.4%
Archer ×56 · Unknown (2626) ×18 · Fishing Ship ×13 · Monk ×11 · Mangonel ×5 · Galley ×4
Match map
Initial resources + every placement click. Lines = walls · curves = elevation contours. ◆ gold · ⬟ stone · ● berries · ✦ relic · ◌ wall gap
Your base· Open — opponent sealed themselves in
LowEloNobody's base· ✓ Closed at 26:07 · 68t walls · no gate
Smoothed initial terrain · ◌ = detected wall gap · hover for details
Inputs per minute
— 新竹 - - LowEloNobody
Build order — 新竹
First 150 of 374 actions detected
| 0:00 | Create | Villager (Male) |
| 0:01 | Create | Villager (Male) |
| 0:01 | Create | Villager (Male) |
| 0:02 | Build | House |
| 0:06 | Build | House |
| 0:08 | Create | Villager (Male) |
| 0:08 | Create | Villager (Male) |
| 1:25 | Create | Villager (Male) |
| 1:26 | Create | Villager (Male) |
| 1:26 | Create | Villager (Male) |
| 1:50 | Create | Villager (Male) |
| 2:03 | Build | Lumber Camp |
| 2:21 | Create | Villager (Male) |
| 2:21 | Create | Villager (Male) |
| 2:22 | Create | Villager (Male) |
| 2:49 | Create | Villager (Male) |
| 2:49 | Create | Villager (Male) |
| 2:53 | Build | House |
| 3:18 | Create | Villager (Male) |
| 3:18 | Create | Villager (Male) |
| 3:39 | Create | Villager (Male) |
| 3:40 | Create | Villager (Male) |
| 3:40 | Create | Villager (Male) |
| 4:06 | Create | Villager (Male) |
| 4:06 | Create | Villager (Male) |
| 4:17 | Build | Dock |
| 4:32 | Create | Villager (Male) |
| 4:32 | Create | Villager (Male) |
| 4:33 | Create | Villager (Male) |
| 4:37 | Build | House |
| 4:39 | Build | Palisade Wall |
| 4:49 | Create | Villager (Male) |
| 4:50 | Create | Villager (Male) |
| 5:02 | Create | Fishing Ship |
| 5:03 | Create | Fishing Ship |
| 5:28 | Create | Villager (Male) |
| 5:28 | Create | Villager (Male) |
| 5:28 | Create | Villager (Male) |
| 5:28 | Create | Villager (Male) |
| 5:44 | Create | Fishing Ship |
| 5:44 | Create | Fishing Ship |
| 5:50 | Create | Villager (Male) |
| 5:50 | Create | Villager (Male) |
| 5:51 | Create | Villager (Male) |
| 6:02 | Create | Villager (Male) |
| 6:02 | Create | Villager (Male) |
| 6:02 | Create | Villager (Male) |
| 6:40 | Research | Loom |
| 6:40 | Research | Loom |
| 6:51 | Create | Villager (Male) |
| 7:17 | Create | Villager (Male) |
| 7:39 | Build | House |
| 7:53 | Build | Barracks |
| 8:20 | Research | Feudal Age |
| 8:23 | Build | Mining Camp |
| 8:32 | Build | House |
| 8:48 | Create | Militia ×2 |
| 8:48 | Create | Militia ×2 |
| 9:02 | Build | House |
| 9:16 | Build | Mill |
| 9:27 | Create | Militia |
| 10:08 | Create | Militia |
| 10:30 | Age | Feudal Age |
| 10:32 | Research | Man-at-Arms (upgrade) |
| 10:32 | Research | Man-at-Arms (upgrade) |
| 10:33 | Research | Man-at-Arms (upgrade) |
| 10:38 | Build | Watch Tower |
| 10:44 | Create | Villager (Male) |
| 10:44 | Create | Villager (Male) |
| 10:44 | Create | Villager (Male) |
| 10:44 | Create | Villager (Male) |
| 10:50 | Build | Mining Camp |
| 10:59 | Create | Villager (Male) |
| 10:59 | Create | Villager (Male) |
| 10:59 | Create | Villager (Male) |
| 11:10 | Create | Unit 2626 |
| 11:23 | Research | Double-Bit Axe |
| 11:24 | Research | Double-Bit Axe |
| 11:24 | Research | Double-Bit Axe |
| 11:29 | Build | Palisade Wall |
| 11:30 | Build | Palisade Wall |
| 11:31 | Build | Palisade Wall |
| 11:32 | Build | Palisade Wall |
| 11:33 | Build | Palisade Wall |
| 11:47 | Create | Villager (Male) |
| 11:47 | Create | Villager (Male) |
| 12:29 | Create | Villager (Male) |
| 12:29 | Create | Villager (Male) |
| 12:29 | Create | Villager (Male) |
| 12:34 | Build | Blacksmith |
| 12:46 | Create | Unit 2626 |
| 13:08 | Create | Villager (Male) |
| 13:08 | Create | Villager (Male) |
| 13:09 | Create | Villager (Male) |
| 13:33 | Research | Fletching |
| 13:34 | Research | Fletching |
| 13:43 | Build | Farm |
| 13:52 | Create | Unit 2626 |
| 13:52 | Create | Unit 2626 |
| 14:31 | Build | Watch Tower |
| 14:39 | Build | Watch Tower |
| 14:44 | Create | Villager (Male) |
| 14:44 | Create | Villager (Male) |
| 14:44 | Create | Villager (Male) |
| 14:45 | Create | Villager (Male) |
| 15:42 | Create | Villager (Male) |
| 15:45 | Build | House |
| 16:02 | Create | Unit 2626 |
| 16:02 | Create | Unit 2626 |
| 16:48 | Create | Villager (Male) |
| 16:49 | Create | Villager (Male) |
| 16:49 | Create | Villager (Male) |
| 16:49 | Create | Villager (Male) |
| 16:50 | Create | Villager (Male) |
| 16:51 | Build | Farm |
| 17:09 | Create | Villager (Male) |
| 17:09 | Create | Villager (Male) |
| 17:10 | Create | Villager (Male) |
| 17:21 | Create | Villager (Male) |
| 17:43 | Create | Villager (Male) |
| 17:44 | Create | Villager (Male) |
| 18:08 | Build | Farm |
| 18:08 | Build | Farm |
| 18:09 | Create | Villager (Male) |
| 18:09 | Create | Villager (Male) |
| 18:09 | Create | Villager (Male) |
| 18:17 | Build | Watch Tower |
| 18:26 | Build | Farm |
| 18:30 | Build | Farm |
| 18:35 | Build | House |
| 18:37 | Build | House |
| 19:12 | Build | Watch Tower |
| 19:17 | Build | Farm |
| 19:18 | Build | Farm |
| 19:18 | Build | Farm |
| 19:28 | Build | Lumber Camp |
| 19:55 | Create | Unit 2626 |
| 19:55 | Create | Unit 2626 |
| 19:55 | Create | Unit 2626 |
| 20:15 | Build | Palisade Wall |
| 20:17 | Build | Palisade Wall |
| 20:31 | Build | Farm |
| 21:02 | Build | Market |
| 22:27 | Build | Watch Tower |
| 22:39 | Research | Castle Age |
| 22:39 | Research | Castle Age |
| 22:39 | Research | Castle Age |
| 22:46 | Build | Watch Tower |
| 22:55 | Build | Watch Tower |
| 23:11 | Build | House |
Build order — LowEloNobody
First 150 of 477 actions detected
| 0:00 | Create | Villager (Male) |
| 0:01 | Create | Villager (Male) |
| 0:02 | Build | House |
| 0:03 | Build | House |
| 0:42 | Create | Villager (Male) |
| 1:00 | Create | Villager (Male) |
| 1:30 | Create | Villager (Male) |
| 1:30 | Create | Villager (Male) |
| 2:02 | Create | Villager (Male) |
| 2:02 | Create | Villager (Male) |
| 2:15 | Create | Villager (Male) |
| 2:42 | Create | Villager (Male) |
| 2:56 | Build | Lumber Camp |
| 3:05 | Create | Villager (Male) |
| 3:44 | Create | Villager (Male) |
| 3:48 | Create | Villager (Male) |
| 3:54 | Build | House |
| 4:18 | Build | Dock |
| 4:29 | Create | Villager (Male) |
| 4:30 | Create | Villager (Male) |
| 4:37 | Build | House |
| 4:51 | Build | Palisade Wall |
| 4:56 | Create | Villager (Male) |
| 5:03 | Create | Fishing Ship |
| 5:03 | Create | Fishing Ship |
| 5:23 | Create | Villager (Male) |
| 5:24 | Create | Villager (Male) |
| 5:33 | Create | Fishing Ship |
| 5:33 | Create | Fishing Ship |
| 5:37 | Build | Palisade Wall |
| 6:00 | Build | Palisade Wall |
| 6:00 | Build | Palisade Wall |
| 6:04 | Create | Villager (Male) |
| 6:04 | Create | Villager (Male) |
| 6:21 | Create | Fishing Ship |
| 6:21 | Create | Fishing Ship |
| 6:25 | Create | Villager (Male) |
| 6:32 | Create | Villager (Male) |
| 6:48 | Create | Fishing Ship |
| 6:48 | Create | Fishing Ship |
| 7:08 | Build | House |
| 7:28 | Build | Mill |
| 7:32 | Build | House |
| 7:52 | Create | Villager (Male) |
| 8:01 | Create | Villager (Male) |
| 8:11 | Build | Palisade Wall |
| 8:23 | Create | Villager (Male) |
| 8:28 | Build | Palisade Wall |
| 8:36 | Create | Villager (Male) |
| 8:36 | Research | Loom |
| 8:41 | Create | Fishing Ship |
| 8:45 | Build | House |
| 8:53 | Research | Feudal Age |
| 8:53 | Research | Feudal Age |
| 9:02 | Build | Palisade Wall |
| 9:21 | Build | Palisade Wall |
| 9:28 | Create | Fishing Ship |
| 9:33 | Build | Lumber Camp |
| 9:41 | Build | Palisade Wall |
| 9:42 | Build | Palisade Wall |
| 9:44 | Build | Palisade Wall |
| 9:46 | Build | Palisade Wall |
| 9:48 | Build | Palisade Wall |
| 9:59 | Build | House |
| 10:18 | Build | House |
| 10:23 | Create | Villager (Male) |
| 10:31 | Build | Palisade Wall |
| 10:35 | Create | Villager (Male) |
| 10:44 | Build | Barracks |
| 11:06 | Build | Palisade Wall |
| 11:09 | Build | Mining Camp |
| 11:30 | Build | Palisade Wall |
| 11:31 | Build | Palisade Wall |
| 11:31 | Build | Palisade Wall |
| 11:34 | Build | Palisade Wall |
| 11:35 | Build | Palisade Wall |
| 11:40 | Age | Feudal Age |
| 11:48 | Create | Villager (Male) |
| 11:53 | Build | Watch Tower |
| 12:01 | Create | Villager (Male) |
| 12:14 | Build | Palisade Wall |
| 12:16 | Build | Palisade Wall |
| 12:31 | Build | Blacksmith |
| 12:35 | Build | Palisade Wall |
| 12:35 | Build | Palisade Wall |
| 12:37 | Create | Villager (Male) |
| 12:57 | Build | Mining Camp |
| 13:04 | Research | Fletching |
| 13:05 | Research | Fletching |
| 13:16 | Build | Lumber Camp |
| 13:22 | Create | Villager (Male) |
| 13:34 | Create | Villager (Male) |
| 13:41 | Create | Unit 2626 |
| 13:50 | Create | Villager (Male) |
| 13:58 | Build | Outpost |
| 14:01 | Research | Town Watch |
| 14:02 | Create | Villager (Male) |
| 14:13 | Create | Unit 2626 |
| 14:14 | Create | Villager (Male) |
| 14:23 | Build | Outpost |
| 14:28 | Create | Villager (Male) |
| 14:31 | Create | Villager (Male) |
| 14:53 | Create | Villager (Male) |
| 15:01 | Build | Watch Tower |
| 15:03 | Create | Villager (Male) |
| 15:13 | Create | Unit 2626 |
| 15:13 | Create | Unit 2626 |
| 15:18 | Create | Villager (Male) |
| 15:40 | Create | Villager (Male) |
| 15:55 | Create | Villager (Male) |
| 15:57 | Build | Archery Range |
| 16:02 | Create | Villager (Male) |
| 16:11 | Create | Villager (Male) |
| 16:25 | Create | Villager (Male) |
| 16:30 | Build | Market |
| 16:32 | Create | Villager (Male) |
| 16:37 | Create | Villager (Male) |
| 16:45 | Create | Villager (Male) |
| 16:51 | Create | Unit 2626 |
| 16:52 | Create | Villager (Male) |
| 16:59 | Create | Villager (Male) |
| 17:06 | Create | Archer |
| 17:06 | Create | Archer |
| 17:10 | Create | Villager (Male) |
| 18:05 | Create | Unit 2626 |
| 18:07 | Create | Fishing Ship |
| 18:43 | Build | Mill |
| 18:46 | Create | Archer |
| 18:52 | Build | House |
| 18:53 | Build | House |
| 19:12 | Create | Archer |
| 19:17 | Research | Double-Bit Axe |
| 19:22 | Research | Horse Collar |
| 19:24 | Build | Farm |
| 19:25 | Build | Farm |
| 19:26 | Build | Farm |
| 19:28 | Build | Farm |
| 19:44 | Build | Farm |
| 19:45 | Build | Farm |
| 19:47 | Create | Villager (Male) |
| 20:07 | Create | Unit 2626 |
| 20:15 | Build | Watch Tower |
| 20:17 | Build | Farm |
| 20:18 | Build | Farm |
| 20:19 | Create | Archer |
| 20:30 | Create | Unit 2626 |
| 20:36 | Create | Villager (Male) |
| 20:40 | Create | Archer |
| 20:43 | Create | Archer |
| 20:47 | Create | Villager (Male) |
Match timeline
| 4:17 | 新竹 · first_building Dock |
| 4:18 | LowEloNobody · first_building Dock |
| 4:39 | 新竹 · wall_segment Palisade Wall x1 |
| 4:51 | LowEloNobody · wall_segment Palisade Wall x6 |
| 5:37 | LowEloNobody · wall_segment Palisade Wall x1 |
| 6:00 | LowEloNobody · wall_segment Palisade Wall x1 |
| 6:00 | LowEloNobody · wall_segment Palisade Wall x7 |
| 7:53 | 新竹 · first_building Barracks |
| 8:11 | LowEloNobody · wall_segment Palisade Wall x1 |
| 8:28 | LowEloNobody · wall_segment Palisade Wall x14 |
| 9:02 | LowEloNobody · wall_segment Palisade Wall x11 |
| 9:21 | LowEloNobody · wall_segment Palisade Wall x11 |
| 9:41 | LowEloNobody · wall_segment Palisade Wall x1 |
| 9:42 | LowEloNobody · wall_segment Palisade Wall x1 |
| 9:44 | LowEloNobody · wall_segment Palisade Wall x1 |
| 9:46 | LowEloNobody · wall_segment Palisade Wall x1 |
| 9:48 | LowEloNobody · wall_segment Palisade Wall x1 |
| 10:30 | 新竹 · age_up feudal |
| 10:31 | LowEloNobody · wall_segment Palisade Wall x1 |
| 10:44 | LowEloNobody · first_building Barracks |
| 11:06 | LowEloNobody · wall_segment Palisade Wall x1 |
| 11:29 | 新竹 · wall_segment Palisade Wall x2 |
| 11:30 | LowEloNobody · wall_segment Palisade Wall x1 |
| 11:30 | 新竹 · wall_segment Palisade Wall x2 |
| 11:31 | LowEloNobody · wall_segment Palisade Wall x1 |
| 11:31 | LowEloNobody · wall_segment Palisade Wall x1 |
| 11:31 | 新竹 · wall_segment Palisade Wall x2 |
| 11:32 | 新竹 · wall_segment Palisade Wall x1 |
| 11:33 | 新竹 · wall_segment Palisade Wall x1 |
| 11:34 | LowEloNobody · wall_segment Palisade Wall x1 |
| 11:35 | LowEloNobody · wall_segment Palisade Wall x1 |
| 11:40 | LowEloNobody · age_up feudal |
| 12:14 | LowEloNobody · wall_segment Palisade Wall x1 |
| 12:16 | LowEloNobody · wall_segment Palisade Wall x1 |
| 12:35 | LowEloNobody · wall_segment Palisade Wall x1 |
| 12:35 | LowEloNobody · wall_segment Palisade Wall x1 |
| 15:57 | LowEloNobody · first_building Archery Range |
| 17:45 | LowEloNobody · first_market_buy 100 stone |
| 20:15 | 新竹 · wall_segment Palisade Wall x2 |
| 20:17 | 新竹 · wall_segment Palisade Wall x2 |
| 21:57 | 新竹 · first_market_buy 100 food |
| 22:09 | LowEloNobody · wall_segment Palisade Wall x1 |
| 23:14 | 新竹 · wall_segment Palisade Wall x1 |
| 23:35 | 新竹 · first_building Stable |
| 25:19 | 新竹 · age_up castle |
| 26:07 | LowEloNobody · age_up castle |
| 26:24 | LowEloNobody · wall_segment Palisade Wall x1 |
| 26:26 | LowEloNobody · wall_segment Palisade Wall x1 |
| 30:07 | LowEloNobody · wall_segment Stone Wall x1 |
| 31:02 | LowEloNobody · first_building Monastery |
| 31:13 | LowEloNobody · wall_segment Stone Wall x12 |
| 31:42 | LowEloNobody · wall_segment Palisade Wall x1 |
| 31:49 | LowEloNobody · wall_segment Palisade Wall x1 |
| 32:48 | LowEloNobody · wall_segment Palisade Wall x1 |
| 32:49 | LowEloNobody · wall_segment Palisade Wall x4 |
| 32:55 | 新竹 · first_building Siege Workshop |
| 33:18 | LowEloNobody · first_market_sell 100 wood |
| 33:27 | LowEloNobody · wall_segment Stone Wall x1 |
| 33:28 | LowEloNobody · wall_segment Stone Wall x10 |
| 33:49 | 新竹 · first_building Castle |
| 38:00 | LowEloNobody · first_building Siege Workshop |
| 39:41 | LowEloNobody · first_building Stable |
| 45:30 | LowEloNobody · resign |
[ AI ANALYSIS · 1 CREDIT ]
What really happened in this match?
Wolo.gg analyzes every decision: build order, eco, micro, common mistakes by bracket. Personalized analysis on WhatsApp or Discord in 30 seconds.
Civ guide
Japanese
Perfil
新竹